Map: Apotheosis LE

Players

SortOf - Winner!

  • Race: Zerg Zerg
  • League: Master

llllIIIlllII

  • Race: Zerg Zerg
  • League: Master

VOD

Have the link to the VOD?

Description

Time

  • Played on: Oct. 26, 2016, 3:15 a.m.
  • Length: 4:55
Show
View Real Time Build Order
Export as new Build Order

SortOf Zerg - Winner!

Build Orders: Pool First 

Get SALT Encoding   

  12  0:01  Drone  
  13  0:13  Overlord  
  13  0:18  Drone  
  14  0:31  Drone x2  
  16  0:37  Drone  
  17  0:46  Extractor  
  17  0:47  Drone  
  17  0:50  Spawning Pool  
  16  0:57  Drone  
  17  1:07  Drone  
  18  1:20  Drone  
  18  1:23  Unknown, Hatchery  
  18  1:37  Queen  
  20  1:40  Zergling x2  
  20  1:41  Zergling x2  
  22  1:52  Metabolic Boost  
  22  1:56  Overlord  
  22  2:08  Baneling Nest  
  22  2:09  Drone  
  22  2:18  Queen  
  24  2:27  Zergling x2  
  25  2:34  Unknown  
  25  2:36  Zergling x2  
  27  2:37  Zergling x2  
  25  2:49  Zergling x2  
  25  2:53  Zergling x2  
  26  2:59  Baneling x3  
  26  3:00  Baneling  
  26  3:03  Zergling x2  
  27  3:06  Zergling x2  
  27  3:11  Zergling x2  
  29  3:14  Zergling x2  
  30  3:20  Zergling x4  
  29  3:29  Zergling x4  
  29  3:32  Drone  
  29  3:33  Drone  
  32  3:38  Baneling x2  
  31  3:43  Drone x2  
  33  3:52  Drone  
  33  3:53  Drone x2  
  35  3:59  Drone  
  35  4:00  Drone  
  35  4:18  Drone  
  35  4:25  Overlord  
  35  4:30  Drone  
  36  4:34  Roach Warren  
  36  4:36  Unknown, Hatchery  
  34  4:39  Drone x2  
  34  4:40  Evolution Chamber  
  34  4:42  Drone  
Show
View Real Time Build Order
Export as new Build Order

llllIIIlllII Zerg 

Build Orders: Pool First 

Get SALT Encoding   

  12  0:00  Drone  
  13  0:08  Drone  
  14  0:17  Overlord  
  14  0:23  Extractor, Drone  
  15  0:35  Drone x2  
  17  0:45  Drone  
  18  0:50  Spawning Pool  
  17  1:08  Unknown, Hatchery  
  17  1:11  Drone  
  17  1:14  Drone  
  18  1:26  Extractor  
  17  1:36  Queen  
  17  1:37  Zergling x6  
  22  1:48  Overlord  
  22  2:07  Drone  
  23  2:10  Drone  
  23  2:12  Queen  
  26  2:20  Unknown  
  26  2:21  Queen, Drone x2  
  30  2:31  Drone  
  30  2:32  Drone  
  31  2:46  Drone x2  
  31  2:48  Drone  
  31  2:49  Drone x2  
  34  2:53  Drone  
  34  2:57  Spine Crawler  
  34  3:01  Drone  
  35  3:08  Drone, Roach Warren  
  35  3:10  Drone  
  36  3:16  Evolution Chamber  
  36  3:19  Evolution Chamber  
  34  3:21  Drone x2  
  34  3:22  Lair  
  34  3:26  Extractor  
  33  3:34  Drone x3  
  35  4:00  Drone  
  36  4:04  Overlord  
  36  4:08  Extractor  
  35  4:12  Spine Crawler, Queen  
  35  4:15  Zergling x4  
  29  4:24  Roach Warren  
  29  4:32  Spire  
  29  4:34  Extractor  
  29  4:37  Zergling x4  
  29  4:38  Zergling x6  
Tags
 
Add a new tag
Caveats
  • Supply blocks, unpowered buildings, or Contaminate may cause inaccurate times.
  • Supply counts are checked every 10 seconds.